 Dungeon Crawl Stone Soup version 0.23.2-33-g5129a83184 (webtiles) character file.

Game seed: 4178547380429578380

53 DildoBatman the Conjurer (level 4, 0/30 HPs)
             Began as a Formicid Wizard on July 21, 2019.
             Slain by a giant cockroach (1 damage)
             ... on level 2 of the Dungeon.
             The game lasted 00:04:43 (1565 turns).

DildoBatman the Conjurer (Formicid Wizard)          Turns: 1565, Time: 00:04:44

Health: 0/30       AC:  3    Str: 12    XL:     4   Next: 11%
Magic:  6/8        EV: 11    Int: 18    God:
Gold:   80         SH:  0    Dex:  9    Spells: 2/9 levels left

rFire    . . .     SeeInvis +   o - +1 dagger (freeze)
rCold    . . .     Gourm    .   (no shield)
rNeg     . . .     Faith    .   i - +0 leather armour (curse)
rPois    .         Spirit   .   (helmet unavailable)
rElec    .         Reflect  .   (no cloak)
rCorr    .         Harm     .   (no gloves)
MR       .....                  (no boots)
Stlth    ++........             (no amulet)
HPRegen  0.10/turn              (no ring)
MPRegen  0.11/turn              (no ring)

@: no status effects
A: permanent stasis, dig shafts and tunnels, four strong arms, antennae 3
a: Dig, Shaft Self


You were on level 2 of the Dungeon.
You were not hungry.

You visited 1 branch of the dungeon, and saw 2 of its levels.

You collected 80 gold pieces.

Inventory:

Hand Weapons
 g - a +0 dagger
 o - a +1 dagger of freezing (weapon)
Missiles
 e - 26 stones (quivered)
 h - 37 sling bullets
Armour
 a - a +0 robe
 i - a cursed +0 leather armour (worn)
Magical Staves
 p - an uncursed staff of conjuration {unknown}
Scrolls
 c - 3 scrolls of identify {unknown}
 f - a scroll of remove curse {unknown}
 k - a scroll of teleportation {unknown}
 m - a scroll of enchant armour {unknown}
 n - a scroll of enchant weapon {unknown}
Potions
 d - a potion of lignification {unknown}
 j - a potion of heal wounds {unknown}
 l - a potion of berserk rage {unknown}
Comestibles
 b - 8 chunks of flesh
 v - 6 rations


   Skills:
 - Level 1.7 Dodging
 - Level 2.4 Stealth
 - Level 3.2 Spellcasting
 * Level 3.3 Conjurations
   Level 1.0 Summonings
   Level 0.8 Translocations


You had 2 spell levels left.
You knew the following spells:

 Your Spells              Type           Power        Failure   Level  Hunger
a - Conjure Flame         Conj/Fire      #.......     30%         3    ###....
c - Magic Dart            Conj           ##..         5%          1    None
e - Mephitic Cloud        Conj/Pois/Air  #.......     36%         3    ###....

Your spell library contained the following spells:

 Spells                   Type           Power        Failure   Level  Hunger
 Call Imp                 Summ           #.......     21%         2    ##.....
 Slow                     Hex            #.......     30%         2    ##.....
 Blink                    Tloc           Unusable     N/A         2    N/A

Dungeon Overview and Level Annotations

Branches:
Dungeon (2/15)

Altars:


Innate Abilities, Weirdness & Mutations

You cannot be hasted, slowed, berserked, paralysed or teleported.
You can dig through walls and to a lower floor.
Your four strong arms can wield two-handed weapons with a shield.
You have a pair of large antennae on your head. (SInv)


Message History

Orders for allies: a - Attack new target. r - Retreat! s - Stop attacking. g - Guard the area. f - Follow me.
Anything else - Cancel.
You shout for attention!
The giant cockroach bites you. The leopard gecko bites you.
The kobold barely misses you. The giant cockroach bites you.
The leopard gecko closely misses you. What are your orders? t - Shout!
Orders for allies: a - Attack new target. r - Retreat! s - Stop attacking. g - Guard the area. f - Follow me.
Anything else - Cancel.
You shout for attention!
The kobold misses you. The giant cockroach bites you.
You die...

#...≈≈≈≈ #...≈≈≈.
######.#≈≈≈≈≈
#.......≈≈≈≈÷ #####
##.###.##≈≈.≈≈ #....
#.. #..##..≈≈≈ #....
#.# #.###≈≈≈≈≈
#...s####.# #.# #≈≈≈≈≈
#...K@..#÷###.###.≈≈≈≈
#...l#..........#.≈≈≈≈
#....#.####.###....≈≈≈
#....#.# #.# ####..≈≈
##..##.# #.# ###≈# {
... #.# #.# ### ##..
#.# #.# #.. #.# #.#
#.#


You could see a leopard gecko, a giant cockroach and a kobold.

Vanquished Creatures
  An adder (D:2)
  A dart slug (D:1)
  2 leopard geckos (D:1)
  A giant cockroach (D:1)
  11 goblins
  7 hobgoblins
  A quokka (D:2)
  4 bats (D:1)
  3 frilled lizards
  4 kobolds
  A rat (D:1)
36 creatures vanquished.

Notes
Turn   | Place    | Note
-------+----------+-------------------------------------------
     0 | D:1      | DildoBatman the Formicid Wizard began the quest for the
                  | Orb.
     0 | D:1      | Reached XP level 1. HP: 13/13 MP: 4/4
     9 | D:1      | Reached skill level 1 in Conjurations
   329 | D:1      | Reached XP level 2. HP: 15/19 MP: 3/6
   792 | D:1      | Reached XP level 3. HP: 24/24 MP: 4/7
   797 | D:1      | Learned a level 3 spell: Conjure Flame
   801 | D:1      | Learned a level 3 spell: Mephitic Cloud
  1539 | D:2      | Reached XP level 4. HP: 26/30 MP: 3/8
  1564 | D:2      | HP: 1/30 [giant cockroach (1)]
  1565 | D:2      | Slain by a giant cockroach

Skill      XL: |  1  2  3 |
---------------+----------+-----
Conjurations   | 1 2 3 |  3.3
Dodging        | |  1.7
Stealth        | |  2.4
Spellcasting   | |  3.2
Summonings     | |  1.0
Translocations | |  0.8

Action                   |  1- 3 |  4- 6 || total
-------------------------+-------+-------++-------
Melee: Unarmed           |    23 |       ||    23
       Dagger            |    49 |     1 ||    50
 Cast: Magic Dart        |    78 |     1 ||    79
 Abil: Dig               |     6 |       ||     6
  Eat: Chunk             |     3 |       ||     3
Armor: Robe              |    26 |       ||    26
       Leather armour    |    14 |    12 ||    26
Dodge: Dodged            |    96 |    21 ||   117
